 Dungeon Crawl Stone Soup version 0.29-a0-317-gd16b76e6b1 (webtiles) character file.

Game seed: 6983228874455310956

49 Essalna the Conjurer (level 3, 0/24 HPs)
             Began as a Demonspawn Conjurer on Mar 30, 2022.
             Slain by an orc
             ... wielding a +0 hand axe
              (6 damage)
             ... on level 1 of the Dungeon.
             The game lasted 00:02:44 (2044 turns).

Essalna the Conjurer (Demonspawn Conjurer)          Turns: 2044, Time: 00:02:45

Health: 0/24       AC:  3    Str:  7    XL:     3   Next: 51%
Magic:  7/7        EV: 12    Int: 21    God:
Gold:   59         SH:  0    Dex: 13    Spells: 6/7 levels left

rFire   . . .      SeeInvis .   n - +2 mace (venom)
rCold   . . .      Faith    .   (no shield)
rNeg    . . .      Spirit   .   a - +0 robe
rPois   .          Reflect  .   e - +0 helmet
rElec   .          Harm     .   (no cloak)
rCorr   .          Rampage  .   (no gloves)
Will    .....                   (no boots)
Stlth   +++.......              (no amulet)
HPRegen 0.08/turn               (no ring)
MPRegen 0.10/turn               (no ring)

@: no status effects
A: thin skeletal structure 1, powered by pain 1
a: no special abilities


You were on level 1 of the Dungeon.
You visited 1 branch of the dungeon, and saw 2 of its levels.

You collected 59 gold pieces.

Inventory:

Hand Weapons
 c - a +0 trident
 i - a +0 dagger of venom
 n - a +2 mace of venom (weapon)
Armour
 a - a +0 robe (worn)
 e - a +0 helmet (worn)
Jewellery
 m - an amulet of faith
Scrolls
 d - a scroll of vulnerability {unknown}
 g - 2 scrolls of identify {unknown}
 j - a scroll of magic mapping {unknown}
 k - a scroll of amnesia {unknown}
Potions
 b - 2 potions of magic
 f - a potion of degeneration {unknown}
 h - a potion of curing {unknown}
 l - a potion of lignification {unknown}


   Skills:
 - Level 1.7 Dodging
 + Level 2.3 Stealth
 + Level 2.7 Spellcasting
 + Level 4.5 Conjurations


You had 6 spell levels left.
You knew the following spells:

 Your Spells              Type           Power      Damage    Failure   Level
a - Magic Dart            Conj           88%        1d7       2%          1

Your spell library contained the following spells:

 Spells                   Type           Power      Damage    Failure   Level
 Searing Ray              Conj           44%        2d6       3%          2
 Dazzling Flash           Conj/Hex       24%        N/A       16%         3
 Fulminant Prism          Conj/Hex       6%         3d7       47%         4
 Iskenderun's Mystic Bla  Conj/Tloc      12%        2d5       47%         4


Dungeon Overview and Level Annotations

Branches:
Dungeon (2/15)

Altars:


Innate Abilities, Weirdness & Mutations

You have a somewhat thin skeletal structure. (Dex +2, Stealth+)
You sometimes gain a little power by taking damage.


Message History

* * * LOW HITPOINT WARNING * * *
You feel sick.
* * * LOW HITPOINT WARNING * * *
You feel sick.
* * * LOW HITPOINT WARNING * * *
You feel sick.
* * * LOW HITPOINT WARNING * * *
You feel sick.
You are no longer poisoned.
Magic restored.
HP restored.
b - 2 potions of magic (gained 1)
Things that are here:
a +2 mace of venom; an orc skeleton
n - a +2 mace of venom Your +0 dagger of venom stops dripping with poison.
Your +2 mace of venom begins to drip with poison!
n - a +2 mace of venom (weapon)
Done exploring.
There is a stone staircase leading down, spattered with blood here.
You climb downwards.
The orc barely misses you. The orc closely misses you.
The orc barely misses you. The orc hits you but does no damage.
There is a stone staircase leading up here.
You hit the orc but do no damage.
The orc is poisoned.
The orc hits you with a +0 hand axe. The orc hits you with a +0 club.
You are too injured to fight recklessly!
You are too injured to fight recklessly!
The orc closely misses you. The orc hits you with a +0 club.
You climb upwards.
There is a stone staircase leading down, spattered with blood here.
The orc hits you with a +0 hand axe. The orc attacks as you move away!
The orc hits you with a +0 club. The orc hits you with a +0 hand axe.
* * * LOW HITPOINT WARNING * * *
Things that are here:
a +0 leather armour; a +0 club The orc looks more healthy.
The orc attacks as you move away! The orc closely misses you.
The orc attacks as you move away! The orc hits you with a +0 hand axe.
You die...

###### #....# #....# #####
#....# #...# #######....#
#...###########..........#
##....÷..o.................
#...÷>.[.o@................
#....###.......#.........##
#....# #.......#.........#
#.######.......#.........##
#.....##...)...#...........
#####.##.......#######.....
#.##...##### #.....
#.##...# #..... #.######
#.....


You could see 2 orcs.

Vanquished Creatures
  A dart slug (D:1)
  2 orcs (D:1)
  4 ball pythons
  2 bats (D:1)
  3 endoplasms (D:1)
  4 giant cockroaches (D:1)
  3 goblins (D:1)
  4 hobgoblins (D:1)
  7 jackals
  A quokka (D:1)
  A frilled lizard (D:1)
  2 kobolds (D:1)
  4 rats (D:1)
38 creatures vanquished.

Notes
Turn   | Place    | Note
-------+----------+-------------------------------------------
     0 | D:1      | Essalna the Demonspawn Conjurer began the quest for the
                  | Orb.
     0 | D:1      | Reached XP level 1. HP: 13/13 MP: 3/3
   609 | D:1      | Gained mutation: You have a somewhat thin skeletal
                  | structure. (Dex +2, Stealth+) [demonic ancestry]
   609 | D:1      | Reached XP level 2. HP: 19/19 MP: 1/5
   993 | D:1      | Gained mutation: You sometimes gain a little power by
                  | taking damage. [demonic ancestry]
   993 | D:1      | Reached XP level 3. HP: 24/24 MP: 2/6
  1744 | D:1      | HP: 1/24 [poisoned by an orc]
  2044 | D:1      | Slain by an orc

Illustrated notes

Levels and vault maps discovered:
D:1:      dpeg_arrival_prison, layout_basic, minivault_26,
          chequers_serial_rivers_micro_a
D:2:      cheibrodos_greedy_goblins, layout_loops_corners,
          dreamdust_ecumenical_altar_hidden_monk_grotto, grunt_ministairs_6

Skill      XL: |  1  2 |
---------------+-------+-----
Stealth        | 2 |  2.3
Dodging        | |  1.7
Spellcasting   | |  2.7
Conjurations   | |  4.5

Action                   || total
-------------------------++-------
Melee: Trident           ||    18
       Dagger            ||    40
       Mace              ||     1
 Cast: Magic Dart        ||    57
Armor: Robe              ||    25
Dodge: Dodged            ||    72

Table legend: (Time is in decaauts)
 A = Elapsed time spent in this place.
 B = Non-inter-level travel time spent in this place.
 C = Inter-level travel time spent in this place.
 D = Time resting spent in this place.
 E = Time spent auto-exploring this place.
 F = Levels seen in this place.
 G = Mean time per level.
                   A        B        C        D        E       F      G
               +--------+--------+--------+--------+--------+-----+--------+
         Total |   2051 |   2022 |     29 |      0 |   1781 |   2 | 1025.5 |
       Dungeon |   2051 |   2022 |     29 |      0 |   1781 |   2 | 1025.5 |
               +--------+--------+--------+--------+--------+-----+--------+

Top non-repeatable levels by time:
     D:1: 2031 daAuts
     D:2: 20 daAuts
